 Dungeon Crawl Stone Soup version 0.31-a0-506-g3d79149578 (webtiles) character file.

Game seed: 789596663101622962

70 GordonOverkill the Sneak (level 4, -1/31 HPs)
             Began as an Octopode Delver on Aug 9, 2023.
             Slain by Prince Ribbit (18 damage)
             ... on level 7 of the Dungeon.
             The game lasted 00:01:22 (338 turns).

GordonOverkill the Sneak (Octopode Delver)           Turns: 338, Time: 00:01:23

Health: -1/31      AC:  1    Str: 11    XL:     4   Next: 21%
Magic:  4/4        EV: 13    Int: 14    God:
Gold:   16         SH:  0    Dex: 13    Spells: 3/3 levels left

rFire   . . .        d - +0 short sword (speed)
rCold   . . .        (no shield)
rNeg    . . .        (helmet restricted)
rPois   .            (no amulet)
rElec   .            (no ring)
rCorr   .            (no ring)
SInv    .            (no ring)
Will    .....        (no ring)
Stlth   ++++         (no ring)
HPRegen 0.25/turn    (no ring)
MPRegen 0.09/turn    (no ring)
                     (no ring)

%: no passive effects
@: no status effects
A: almost no armour, amphibious, 8 rings, camouflage 1, gelatinous body 1,
(nimble swimmer 1), tentacles
a: no special abilities


You were on level 7 of the Dungeon.
You visited 1 branch of the dungeon, and saw 3 of its levels.

You collected 16 gold pieces.

Inventory:

Hand Weapons
 d - a +0 short sword of speed (weapon)
Magical Staves
 g - a staff of earth
Wands
 f - a wand of digging (3)
Scrolls
 b - a scroll of fog
 c - a scroll of revelation
Potions
 e - a potion of haste
 h - 2 potions of curing {unknown}


   Skills:
 + Level 3.5 Fighting
 + Level 2.7 Short Blades
 + Level 2.7 Dodging
 + Level 7.2 Stealth


You had 3 spell levels left.
You didn't know any spells.
Your spell library was empty.

Dungeon Overview and Level Annotations

Branches:
Dungeon (7/15)
 Temple: D:4-7

Altars:
Elyvilon

Annotations:
D:7 Prince Ribbit


Innate Abilities, Weirdness & Mutations

You cannot wear most types of armour.
You are amphibious.
You can wear up to eight rings at the same time.
Your skin changes colour to match your surroundings (Stealth+).
Your rubbery body absorbs attacks. (AC +1, EV +1)
((You are camouflaged when in or above water. (Stealth+)))
You have tentacles for arms and can constrict up to eight enemies at once.


Message History

d - a +0 short sword of speed (weapon)
You drop a +0 short sword.
You start resting.
HP restored.
Things that are here:
a +0 dagger; a +0 robe; an orc corpse
Items here: )))) [[[ †††.
Found an orange potion.
h - 2 orange potions (gained 1)
Items here: )))) [[[ †††.
Things that are here:
a +0 dagger; a +0 robe; an orc corpse
There is an open door here.
A phantom comes into view.
You can't go down here!
There is a stone staircase leading down here.
You climb downwards.
There is a stone staircase leading up here.
A centaur comes into view.
There is a stone staircase leading up here.
Found 16 gold pieces and a scroll labelled WACOAN JUTOHOR.
Found a stone staircase leading down.
You now have 16 gold pieces.
There is a stone staircase leading down here.
You climb downwards.
Found a chain mail.
There is a stone staircase leading up here.
Prince Ribbit comes into view.
Found 6 gold pieces.
Found a white marble altar of Elyvilon.
The helpless Prince Ribbit fails to defend himself.
You impale Prince Ribbit!! Your grab misses Prince Ribbit.
Prince Ribbit is heavily wounded.
Prince Ribbit hits you!
* * * LOW HITPOINT WARNING * * *
You closely miss Prince Ribbit. Your grab misses Prince Ribbit.
Prince Ribbit is moderately wounded.
Prince Ribbit catches a spider with his tongue.
Prince Ribbit hits you!!
Ouch! That really hurt!
You die...

#.....
.....#########+#
#..............
#..............
#...<..........
#####..........
≈≈≈≈≈..#.........
.....≈.#..#+#...
.≈≈≈.≈.#@##
§..§§§.#F#
≈._§≈§.###
§§§.≈≈. .§§≈.≈.


You could see Prince Ribbit.

Vanquished Creatures
  2 orc wizards (D:5)
  An ufetubus (D:5)
  7 orcs (D:5)
10 creatures vanquished.

Notes
Turn   | Place    | Note
-------+----------+-------------------------------------------
     0 | D:5      | GordonOverkill the Octopode Delver began the quest for the
                  | Orb.
     0 | D:5      | Reached XP level 1. HP: 16/16 MP: 1/1
    38 | D:5      | Reached XP level 2. HP: 21/21 MP: 2/2
   151 | D:5      | Reached skill level 7 in Stealth
   151 | D:5      | Reached XP level 3. HP: 26/26 MP: 3/3
   197 | D:5      | Reached XP level 4. HP: 11/31 MP: 4/4
   310 | D:5      | Noticed a phantom
   318 | D:6      | Noticed a centaur
   333 | D:7      | Found a white marble altar of Elyvilon.
   333 | D:7      | Noticed Prince Ribbit
   338 | D:7      | Slain by Prince Ribbit

Illustrated notes

Levels and vault maps discovered:
D:5:      layout_loops_corners, mainiacjoe_overflow_concentric_impassable
D:6:      layout_rooms, nicolae_uskayaw_murder_on_the_dancefloor, temple_green
D:7:      layout_gridville, pdpol_temple_overflow_zin_treasury_gozag_greed,
          makhleb_grotto_becter, mainiacjoe_overflow_paths,
          kennysheep_generic_room_6, uniq_prince_ribbit1

Skill      XL: |  1  2 |
---------------+-------+-----
Stealth        | 7 |  7.2
Fighting       | |  3.5
Short Blades   | |  2.7
Dodging        | |  2.7

Action                     |  1- 3 |  4- 6 || total
---------------------------+-------+-------++-------
  Melee: Short sword       |    23 |     4 ||    27
         Constrict         |     5 |     1 ||     6
         Punch             |     1 |       ||     1
         Tentacles         |     4 |     1 ||     5
    Use: Scroll            |     1 |       ||     1
   Stab: Sleeping          |     4 |     1 ||     5
 Armour: Skin              |     1 |       ||     1
  Dodge: Dodged            |    11 |     2 ||    13

Table legend: (Time is in decaauts)
 A = Elapsed time spent in this place.
 B = Non-inter-level travel time spent in this place.
 C = Inter-level travel time spent in this place.
 D = Time resting spent in this place.
 E = Time spent auto-exploring this place.
 F = Levels seen in this place.
 G = Mean time per level.
                   A        B        C        D        E       F      G
               +--------+--------+--------+--------+--------+-----+--------+
         Total |    333 |    318 |     15 |     82 |      0 |   3 |  111.0 |
       Dungeon |    333 |    318 |     15 |     82 |      0 |   3 |  111.0 |
               +--------+--------+--------+--------+--------+-----+--------+

Top non-repeatable levels by time:
     D:5: 309 daAuts
     D:6: 18 daAuts
     D:7: 5 daAuts
